 Dungeon Crawl Stone Soup version 0.28.0-49-g6dfe1f597d (webtiles) character file.

Game seed: 17292113693354923952

43 Dreadrock the Covered (level 3, -5/33 HPs)
             Began as a Minotaur Fighter on May 11, 2022.
             Slain by Sigmund
             ... wielding a +0 scythe
              (10 damage)
             ... on level 3 of the Dungeon.
             The game lasted 00:13:04 (1807 turns).

Dreadrock the Covered (Minotaur Fighter)            Turns: 1807, Time: 00:13:04

Health: -5/33      AC:  8    Str: 22    XL:     3   Next: 37%
Magic:  2/2        EV:  9    Int:  5    God:
Gold:   113        SH:  0    Dex:  9    Spells: 2/2 levels left

rFire   . . .      SeeInvis .   a - +0 flail
rCold   . . .      Faith    .   c - +0 buckler
rNeg    . . .      Spirit   .   b - +0 scale mail
rPois   .          Reflect  .   (helmet restricted)
rElec   .          Harm     .   (no cloak)
rCorr   .          Rampage  .   h - +0 pair of gloves
Will    .....                   (no boots)
Stlth   ..........              (no amulet)
HPRegen 0.11/turn               (no ring)
MPRegen 0.08/turn               (no ring)

@: confused
A: horns 2, retaliatory headbutt
a: no special abilities


You were on level 3 of the Dungeon.
You visited 1 branch of the dungeon, and saw 3 of its levels.

You collected 113 gold pieces.

Inventory:

Hand Weapons
 a - a +0 flail (weapon)
Armour
 b - a +0 scale mail (worn)
 c - a +0 buckler (worn)
 h - a +0 pair of gloves (worn)
Wands
 l - a wand of charming (11)
Scrolls
 f - a scroll of identify {unknown}
 g - a scroll of noise {unknown}
Potions
 d - a potion of might
 e - 2 potions of lignification {unknown}
 i - a potion of berserk rage {unknown}
 j - a potion of mutation {unknown}
 k - a potion of brilliance {unknown}
 m - a potion of curing {unknown}


   Skills:
 + Level 3.9 Fighting
 * Level 3.4 Maces & Flails
 + Level 4.3 Armour
 + Level 0.1 Dodging
 + Level 3.9 Shields


You had 2 spell levels left.
You didn't know any spells.
Your spell library was empty.

Dungeon Overview and Level Annotations

Branches:
Dungeon (3/15)

Altars:

Shops:
D:2 (

Annotations:
D:3 Sigmund


Innate Abilities, Weirdness & Mutations

You have a pair of horns on your head.
You reflexively headbutt those who attack you in melee.


Message History

Deactivating autopickup; reactivate with Ctrl-A.
A rat comes into view.
Something hits you but does no damage.
A goblin comes into view. It is wielding a +0 dagger.
You block something's attack.
You see here a scroll labelled GAUNOL MIOFAMPUT.
You hit the rat.
You kill the rat!
You thump the goblin!
You kill the goblin!
Something hits you but does no damage.
Things that are here:
a +0 dagger; a goblin corpse; a rat corpse You hear some strange, mumbled words.
You are confused.
Something hits you but does no damage.
A goblin comes into view. It is wielding a +0 dagger.
The goblin shouts!
Something hits you.
You start resting.
A goblin is nearby!
You're too confused to move!
You feel less confused. Something hits you but does no damage.
The goblin misses you. You furiously retaliate!
You headbutt the goblin.
You kill the goblin!
A magic dart appears from out of thin air!
The magic dart hits you!
You see here a +0 dagger.
Something tries to affect you, but you resist.
Something hits you! Something hits you!
* * * LOW HITPOINT WARNING * * *
You hear some strange, mumbled words.
You are confused.
You bump into the rock wall.
You hear some strange, mumbled words.
Something tries to affect you, but you resist.
Something hits you!
You die...

#.....# #.....#
#######.....#
#....).....###.....
#.#######..# #..... #.#
#..# #..... #.# #.)#
#.....
#.#######..###.....
#.@.....#.?........
.^...........#..).......
###.##########..........
# ................
#######....##.##
#....##..# #....###.#
#....# #.. #...$# ##.


There were no monsters in sight!

Vanquished Creatures
  A worm (D:2)
  A dart slug (D:1)
  5 bats (D:2)
  3 endoplasms
  2 giant cockroaches
  5 goblins
  2 hobgoblins
  5 kobolds
  A quokka (D:1)
  4 ball pythons
  A frilled lizard (D:3)
  3 rats
33 creatures vanquished.

Notes
Turn   | Place    | Note
-------+----------+-------------------------------------------
     0 | D:1      | Dreadrock the Minotaur Fighter began the quest for the Orb.
     0 | D:1      | Reached XP level 1. HP: 19/19 MP: 0/0
   416 | D:1      | Reached XP level 2. HP: 24/27 MP: 1/1
   822 | D:2      | Reached skill level 4 in Armour
  1317 | D:2      | Reached XP level 3. HP: 33/33 MP: 2/2
  1514 | D:2      | Found Edaulej's Weapon Boutique.
  1763 | D:3      | Noticed Sigmund
  1807 | D:3      | Slain by Sigmund

Illustrated notes

Levels and vault maps discovered:
D:1:      psy_arrival_statuary, layout_rooms, amcnicky_mini_pool_small
D:2:      layout_basic, serial_shops, nicolae_shop_bloodbath_and_beyond
D:3:      layout_basic, uniq_sigmund, uniq_robin, uniq_pargi

Skill      XL: |  1  2 |
---------------+-------+-----
Armour         | 4 |  4.3
Maces & Flails | 3 |  3.4
Fighting       | |  3.9
Dodging        | |  0.1
Shields        | |  3.9

Action                   || total
-------------------------++-------
Melee: Flail             ||    60
       Headbutt          ||     9
Armor: Scale mail        ||    44
Dodge: Dodged            ||    32
Block: Buckler           ||    16
